 Dungeon Crawl Stone Soup version 0.25-a0-523-g9afb2ee040 (webtiles) character file.

Game seed: 13975876375290981696, levelgen mode: deterministic

64 Flugslaktarn the Covered (level 3, 0/34 HPs)
             Began as a Deep Dwarf Fighter on Feb 18, 2020.
             Slain by an orc priest
             ... wielding a +0 trident
              (3 damage)
             ... on level 3 of the Dungeon.
             The game lasted 00:00:19 (305 turns).

Flugslaktarn the Covered (Deep Dwarf Fighter)        Turns: 305, Time: 00:00:19

Health: 0/34       AC:  7    Str: 20    XL:     3   Next: 91%
Magic:  2/2        EV:  7    Int:  8    God:
Gold:   13         SH:  9    Dex: 12    Spells: 2/2 levels left

rFire    . . .     SeeInvis .   a - +0 war axe
rCold    . . .     Gourm    .   c - +0 kite shield
rNeg     . . .     Faith    .   b - +0 scale mail
rPois    .         Spirit   .   (no helmet)
rElec    .         Reflect  .   (no cloak)
rCorr    .         Harm     .   (no gloves)
MR       +....                  (no boots)
Stlth    ..........             (no amulet)
HPRegen  0.00/turn              m - ring of protection from magic
MPRegen  0.08/turn              (no ring)

@: non-regenerating
A: damage resistance, heal wounds, sense surroundings 1, no regeneration
a: Heal Wounds


You were on level 3 of the Dungeon.
You were not hungry.

You visited 1 branch of the dungeon, and saw 3 of its levels.

You collected 13 gold pieces.

Inventory:

Hand Weapons
 a - a +0 war axe (weapon)
Armour
 b - a +0 scale mail (worn)
 c - a +0 kite shield (worn)
Jewellery
 m - a ring of protection from magic (left hand)
   (You found it on level 2 of the Dungeon)
Scrolls
 g - a scroll of identify {unknown}
Potions
 d - a potion of might
 h - a potion of lignification {unknown}
Comestibles
 e - 3 rations
 f - 6 chunks of flesh


   Skills:
 + Level 3.1 Fighting
 * Level 3.4 Axes
 + Level 3.7 Armour
 + Level 3.7 Shields


You had 2 spell levels left.
You didn't know any spells.
Your spell library was empty.

Dungeon Overview and Level Annotations

Branches:
Dungeon (3/15)

Altars:


Innate Abilities, Weirdness & Mutations

You are resistant to damage.
You can heal yourself by infusing magical energy.
You passively map a small area around you.
You do not regenerate.


Message History

You hit the orc but do no damage.
You are no longer poisoned.
You block the orc priest's attack. The orc hits you but does no damage.
You block the orc priest's attack.
You hit the orc.
The orc is heavily wounded.
You feel yourself speed up. The orc hits you with a +0 war axe.
The orc priest calls upon Beogh to heal the orc.
The orc's wounds heal themselves!
The orc priest mumbles some strange prayers to Beogh against you.
Beogh smites you!
* * * LOW HITPOINT WARNING * * *
You block the orc's attack.
A bat comes into view.
You hit the orc but do no damage.
The orc priest hits you but does no damage.
You block the orc's attack.
The orc priest hits you from afar with a +0 trident.
You die...

*,* , * .### ### ,
, , ....,..# , ,
** #..#*#.# , , ,
** *,*##..###.##,,
,*#..<. ... * #
#...# #.# *
#.##...###)# *
#......<..@#
####.######o.b....
#.#


ro..... , #.# ....... , #.# ....... , #.### ....... * #...# ......>* ###.#
....... #.# * * * *, You could see an orc priest, an orc, a quokka and a bat.

Vanquished Creatures
  An orc wizard (D:3)
  2 adders
  2 worms (D:2)
  A leopard gecko (D:1)
  An orc (D:3)
  A giant cockroach (D:2)
  2 goblins
  A hobgoblin (D:2)
  2 kobolds (D:1)
13 creatures vanquished.

Notes
Turn   | Place    | Note
-------+----------+-------------------------------------------
     0 | D:1      | Flugslaktarn the Deep Dwarf Fighter began the quest for the
                  | Orb.
     0 | D:1      | Reached XP level 1. HP: 20/20 MP: 1/1
   154 | D:2      | Reached XP level 2. HP: 27/27 MP: 2/2
   297 | D:3      | Reached XP level 3. HP: 23/34 MP: 3/3
   305 | D:3      | Slain by an orc priest

Levels and vault maps discovered:
D:1:      lightli_arrival_noodles, layout_basic
D:2:      layout_basic, first_ration, chequers_ecumenical_altar_island
D:3:      layout_loops_cross

Skill      XL: |  1  2 |
---------------+-------+-----
Axes           | 3 |  3.4
Fighting       | 3 |  3.1
Armour         | |  3.7
Shields        | |  3.7

Action                   || total
-------------------------++-------
Melee: War axe           ||    54
 Abil: Heal Wounds       ||     4
Armor: Scale mail        ||    30
Dodge: Dodged            ||    18
Block: Kite shield       ||    55

Table legend:
 A = Non-vault XP
 B = Vault XP
 C = Vault XP percentage of total XP
 D = Non-vault monster count
 E = Vault monster count
 F = Vault count percentage of total count
                 A         B        C        D         E       F
            +---------+---------+-------+---------+---------+-------
      Total |      92 |       0 |   0.0 |      13 |       0 |   0.0
            +---------+---------+-------+---------+---------+-------
        D:1 |       8 |       0 |   0.0 |       4 |       0 |   0.0
        D:2 |      29 |       0 |   0.0 |       6 |       0 |   0.0
        D:3 |      55 |       0 |   0.0 |       3 |       0 |   0.0
            +---------+---------+-------+---------+---------+-------
